 Dungeon Sprint DCSS version 0.31-a0-1-g4198be8af4 (webtiles) character file.

Game seed: 12971549032498019714

16500000 sircluck the Intangible (level 27, -23/149 HPs)
             Began as a Felid Berserker on May 2, 2023.
             Was the Champion of Trog.
             Killed by the air
             ... invoked by a tyrant
              (41 damage)
             ... in the Dungeon (Sprint VIII: "Arena of Blood").
             The game lasted 00:05:07 (165 turns).

sircluck the Intangible (Felid Berserker)            Turns: 165, Time: 00:05:08

Health: -23/149    AC:  3    Str: 13    XL:     27
Magic:  41/41      EV: 51    Int: 11    God:    Trog [******]
Gold:   0          SH:  0    Dex: 27    Spells: 26/26 levels left
                                        Lives:  0   Deaths: 9

rFire   . .          .
                       - Unarmed
rCold   + . .        (shield unavailable)
rNeg    . . .        (body armour unavailable)
rPois   .            (helmet unavailable)
rElec   .            (cloak unavailable)
rCorr   .            (gloves unavailable)
SInv    +            (boots unavailable)
Will    ++++.        (no amulet)
Stlth   ++++++++++   g - +27000 ring of slaying
HPRegen 0.44/turn    h - ring of see invisible
MPRegen 0.27/turn

%: no teleportation
@: quick
A: very small, claws 1, fangs 3, see invisible, speed 1, shaggy fur 3, stealthy
paws, no weapons or thrown items, no armour, multi-lived
a: Renounce Religion, Berserk, Trog's Hand, Brothers in Arms


You were in the Dungeon.
You worshipped Trog.
Trog was exalted by your worship.
You visited 1 branch

Inventory:

Jewellery
 g - a +27000 ring of slaying (left paw)
 h - a ring of see invisible (right paw)
Potions
 d - 2 potions of magic
 e - a potion of berserk rage


   Skills:
 O Level 27 Fighting
 O Level 27 Dodging
 O Level 27 Stealth
 O Level 27 Unarmed Combat
 O Level 27 Invocations
 O Level 27 Evocations


You had 26 spell levels left.
You didn't know any spells.
Your spell library was empty.

Dungeon Overview and Level Annotations

Branches:
Dungeon (1/1)

Altars:
Makhleb

Annotations:
D The Captor


Innate Abilities, Weirdness & Mutations

You have sharp claws.
You have razor-sharp teeth.
You have supernaturally acute eyesight. (SInv)
You cover ground quickly. (Speed+)
Your thick and shaggy fur keeps you warm. (AC +3, rC+)
Your paws help you pounce on unaware monsters.
You are incapable of wielding weapons or throwing items.
You cannot wear armour.
You gain extra lives every three experience levels.


Message History

You eviscerate the destroyer!!!!!!!!!!
You destroy the destroyer!
Trog accepts your kill.
Trog appreciates your killing of a magic user.
The meat berserker completely misses you.
You hear a shout! x2
The observer completely misses you. The meat beast bites you!
The meat beast tramples you!!
* * * LOW HITPOINT WARNING * * *
You hold your ground!
You hear a shout!
The tyrant mumbles some strange words.
The tyrant seems to speed up.
An observer comes into view.
You hear a shout! x2
You eviscerate the meat beast!!!!!!! You bite the meat beast!!!!!!
You kill the meat beast!
Trog accepts your kill.
You hear a shout! x4
The dread calls on the powers of darkness!
The bag of meat convulses!
The fleshlord convulses!
The bag of meat convulses!
The Captor convulses!
The bag of meat convulses! x3; The observer convulses!
The meat berserker convulses!
The bag of meat convulses!
The meat berserker convulses!
The fleshlord convulses!
Your body is wracked with pain!
* * * LOW HITPOINT WARNING * * *
The fleshlord convulses!
You hear a shout! x2
The fleshlord casts a spell at you.
You barely resist.
You hear a shout!
The observer misses you.
You hear a shout! x2
You eviscerate the meat berserker!!!!!!!!!!!
You kill the meat berserker!
Trog accepts your kill.
You hear a shout!
The tyrant waves its bony arms in wide circles.
The air twists around and strikes you!!!
You die...

.#o#..LW..........##.O...#.....#
#.#zDWWD#...o....#WpV...#....#
.oo.OOo.....oLGMo#...###o...#..
ooO..pp##W#...Lo.W...z.o..#....o
#°O.2.W§°..o..@...W..o..........
W)S####°○..#O.oVp####)).......##
pWp☼W○G☼○...§.z....#S)..V..####
###)p§☼§☼..p.))).G...)..####
####.☼...p).))@....####
#################


You could see an accursed, 2 tyrants, a destroyer, 2 observers, a scourge, 3
fleshlords, a sculptor of flesh, a dread, a meat berserker (berserk), a wretched
soul (invisible), The Captor (fast) and 6 bags of meat.

Vanquished Creatures
  7 hell knights (D)
  12 hell beasts (D)
  A royal mummy (D)
  2 great orbs of eyes (D)
  A wraith (D)
  Harold (D)
  9 vampire knights (D)
  25 ogres (D)
  2 two-headed ogres (D)
  A lich (D)
  A hydra (D)
  4 phantoms (D)
  23 orcs (D)
  3 skeletal warriors (D)
  2 sea snakes (D)
94 creatures vanquished.

Vanquished Creatures (others)
  A two-headed ogre (D)
  2 orcs (D)
3 creatures vanquished.

Grand Total: 97 creatures vanquished

Notes
Turn   | Place    | Note
-------+----------+-------------------------------------------
     0 | D        | sircluck the Felid Berserker began the quest for the Orb.
     0 | D        | Reached XP level 1. HP: 10/10 MP: 2/2
     1 | D        | Noticed a meat berserker
     2 | D        | Noticed a meat berserker
     5 | D        | Killed a meat berserker
     5 | D        | Noticed a meat berserker
     6 | D        | Reached XP level 2. HP: 28/28 MP: 3/3
     6 | D        | Reached XP level 3. HP: 32/32 MP: 4/4
     6 | D        | Reached XP level 4. HP: 37/37 MP: 5/5
     6 | D        | Reached XP level 5. HP: 40/40 MP: 6/6
     6 | D        | Gained mutation: You are covered in thick fur. (AC +2)
                  | [Felid growth]
     6 | D        | Reached XP level 6. HP: 45/45 MP: 7/7
     6 | D        | Reached XP level 7. HP: 48/48 MP: 8/8
     6 | D        | Reached XP level 8. HP: 53/53 MP: 9/9
     6 | D        | Reached XP level 9. HP: 57/57 MP: 10/10
     6 | D        | Reached XP level 10. HP: 61/61 MP: 11/11
     6 | D        | Reached XP level 11. HP: 64/64 MP: 12/12
     6 | D        | Noticed a bag of meat
     6 | D        | Noticed a bag of meat
     6 | D        | Noticed a bag of meat
     6 | D        | Noticed a bag of meat
     6 | D        | Noticed a bag of meat
     8 | D        | Noticed a meat berserker
     9 | D        | Killed a meat berserker
     9 | D        | Reached ** piety under Trog
     9 | D        | Noticed a bag of meat
     9 | D        | Noticed a bag of meat
    10 | D        | Gained mutation: Your thick and shaggy fur keeps you warm.
                  | (AC +3, rC+) [Felid growth]
    10 | D        | Reached XP level 12. HP: 73/73 MP: 13/13
    10 | D        | Reached XP level 13. HP: 76/76 MP: 14/14
    10 | D        | Killed a bag of meat
    11 | D        | Killed a bag of meat
    12 | D        | Reached skill level 27 in Dodging
    12 | D        | Killed a meat berserker
    13 | D        | Reached XP level 14. HP: 30/87 MP: 15/15
    13 | D        | Killed a meat berserker
    13 | D        | Reached *** piety under Trog
    13 | D        | Slain by a bag of meat
    13 | D        | Noticed a bag of meat
    13 | D        | Noticed a bag of meat
    13 | D        | Noticed a bag of meat
    13 | D        | Noticed a bag of meat
    14 | D        | Reached XP level 13. HP: -5/82 MP: 14/14
    14 | D        | Reached XP level 14. HP: 90/90 MP: 15/15
    14 | D        | Noticed a bag of meat
    14 | D        | Noticed a meat berserker
    14 | D        | Noticed a meat berserker
    14 | D        | Noticed a meat berserker
    14 | D        | Noticed a bag of meat
    15 | D        | Noticed a bag of meat
    15 | D        | Noticed a bag of meat
    16 | D        | Noticed a meat berserker
    19 | D        | Killed a bag of meat
    20 | D        | Reached skill level 27 in Unarmed Combat
    20 | D        | Noticed a bag of meat
    21 | D        | Noticed a meat berserker
    21 | D        | Noticed a bag of meat
    21 | D        | Noticed a meat berserker
    21 | D        | Noticed a destroyer
    22 | D        | Killed a meat berserker
    22 | D        | Noticed a bag of meat
    23 | D        | Reached skill level 27 in Fighting
    23 | D        | Noticed a meat berserker
    24 | D        | Noticed a large bag of meat
    24 | D        | Noticed a destroyer
    24 | D        | Noticed a meat berserker
    25 | D        | Killed a meat berserker
    25 | D        | Reached **** piety under Trog
    25 | D        | Noticed a meat berserker
    26 | D        | Reached XP level 15. HP: 95/95 MP: 15/25
    26 | D        | Killed a meat berserker
    27 | D        | Killed a meat berserker
    27 | D        | Noticed a meat berserker
    28 | D        | Reached XP level 16. HP: 100/100 MP: 15/29
    28 | D        | Killed a meat berserker
    29 | D        | Noticed The Servant
    30 | D        | Killed The Servant
    30 | D        | Reached ***** piety under Trog
    31 | D        | Reached skill level 27 in Stealth
    31 | D        | Killed a meat berserker
    31 | D        | Annihilated by a bag of meat
    32 | D        | Reached XP level 15. HP: -31/142 MP: 15/31
    32 | D        | Reached XP level 16. HP: 100/100 MP: 31/33
    32 | D        | Noticed a destroyer
    32 | D        | Noticed a destroyer
    32 | D        | Noticed a large bag of meat
    32 | D        | Noticed a destroyer
    32 | D        | Noticed an eight-headed meat hydra
    32 | D        | Noticed an eight-headed meat hydra
    32 | D        | Noticed a destroyer
    33 | D        | Noticed a meat berserker
    33 | D        | Noticed a destroyer
    33 | D        | Noticed a meat berserker
    33 | D        | Noticed a destroyer
    33 | D        | Noticed a meat berserker
    33 | D        | Noticed a meat berserker
    34 | D        | Noticed a destroyer
    35 | D        | Noticed a sculptor of flesh
    35 | D        | Killed a destroyer
    36 | D        | Reached skill level 27 in Invocations
    36 | D        | Reached skill level 27 in Evocations
    37 | D        | Noticed a destroyer
    38 | D        | Killed a sculptor of flesh
    38 | D        | Noticed a large bag of meat
    39 | D        | Killed a destroyer
    40 | D        | Reached XP level 17. HP: 8/104 MP: 32/35
    40 | D        | Noticed a destroyer
    41 | D        | Noticed a sculptor of flesh
    41 | D        | Noticed a sculptor of flesh
    41 | D        | Noticed a sculptor of flesh
    41 | D        | Noticed a destroyer
    42 | D        | Killed a meat berserker
    43 | D        | Killed a meat berserker
    43 | D        | Reached ****** piety under Trog
    43 | D        | Noticed a destroyer
    44 | D        | Killed a destroyer
    44 | D        | Mangled by a bag of meat
    45 | D        | Reached XP level 16. HP: -11/100 MP: 33/34
    45 | D        | Noticed a meat berserker
    45 | D        | Noticed a sculptor of flesh
    46 | D        | Noticed a meat berserker
    47 | D        | Noticed a destroyer
    48 | D        | Noticed a destroyer
    50 | D        | Noticed a destroyer
    52 | D        | Killed a meat berserker
    54 | D        | Killed a destroyer
    55 | D        | Reached XP level 17. HP: 104/104 MP: 35/35
    55 | D        | Killed a meat berserker
    56 | D        | Killed a sculptor of flesh
    56 | D        | Noticed a meat berserker
    60 | D        | Reached XP level 18. HP: 109/109 MP: 36/36
    62 | D        | Noticed a destroyer
    67 | D        | Noticed a meat berserker
    68 | D        | Noticed a meat beast
    69 | D        | Noticed a meat beast
    69 | D        | Noticed a meat berserker
    69 | D        | Killed a meat berserker
    71 | D        | Noticed a dread
    71 | D        | Killed a meat beast
    72 | D        | Reached XP level 19. HP: 113/113 MP: 37/37
    72 | D        | Killed a meat berserker
    73 | D        | Killed a meat beast
    73 | D        | Noticed a meat beast
    74 | D        | Reached XP level 20. HP: 118/118 MP: 38/38
    74 | D        | Killed a destroyer
    75 | D        | Killed a meat berserker
    76 | D        | Killed a meat berserker
    77 | D        | Killed a destroyer
    79 | D        | Killed a meat beast
    80 | D        | Reached XP level 21. HP: 63/122 MP: 39/39
    81 | D        | Killed a dread
    85 | D        | Noticed a meat beast
    89 | D        | Noticed a meat beast
    89 | D        | Noticed a large bag of meat
    92 | D        | Reached XP level 22. HP: 25/127 MP: 40/40
    94 | D        | Killed a meat beast
    95 | D        | Noticed a meat beast
    95 | D        | Noticed a large bag of meat
    98 | D        | Noticed a destroyer
    98 | D        | Noticed a tyrant
   100 | D        | Reached XP level 23. HP: 27/131 MP: 41/41
   100 | D        | Killed a tyrant
   103 | D        | Annihilated by a sculptor of flesh
   104 | D        | Reached XP level 22. HP: -131/190 MP: 40/40
   104 | D        | Noticed an accursed
   104 | D        | Killed an accursed
   108 | D        | Noticed a dread
   111 | D        | Killed a meat beast
   112 | D        | Reached XP level 23. HP: 13/131 MP: 41/41
   113 | D        | Killed a meat beast
   114 | D        | Reached XP level 24. HP: 9/136 MP: 41/41
   116 | D        | Killed from afar by an observer
   117 | D        | Reached XP level 23. HP: -43/131 MP: 41/41
   121 | D        | Killed a large bag of meat
   126 | D        | Killed a destroyer
   127 | D        | Noticed a fleshlord
   128 | D        | HP: 5/131 [??? (2)]
   129 | D        | Slain by a wretched soul
   130 | D        | Reached XP level 22. HP: -1/127 MP: 40/40
   131 | D        | Reached XP level 23. HP: 131/131 MP: 41/41
   131 | D        | Killed a large bag of meat
   131 | D        | Noticed a large bag of meat
   131 | D        | Noticed a fleshlord
   132 | D        | Noticed a fleshlord
   132 | D        | Noticed a fleshlord
   132 | D        | Noticed a fleshlord
   133 | D        | Noticed a meat beast
   133 | D        | Noticed a fleshlord
   133 | D        | Noticed a fleshlord
   133 | D        | Noticed a fleshlord
   134 | D        | Noticed a large bag of meat
   135 | D        | Killed a destroyer
   136 | D        | Noticed a fleshlord
   136 | D        | Noticed a fleshlord
   136 | D        | Noticed a fleshlord
   137 | D        | Killed a fleshlord
   138 | D        | Reached XP level 24. HP: 81/136 MP: 41/41
   138 | D        | Noticed a fleshlord
   139 | D        | Noticed a meat beast
   140 | D        | Killed a fleshlord
   141 | D        | Reached XP level 25. HP: 79/140 MP: 41/41
   141 | D        | Killed a meat beast
   142 | D        | Reached XP level 26. HP: 82/145 MP: 41/41
   142 | D        | Noticed a destroyer
   142 | D        | Noticed a destroyer
   143 | D        | Annihilated by a fleshlord
   143 | D        | Noticed a dread
   144 | D        | Reached XP level 25. HP: -310/140 MP: 41/41
   144 | D        | Noticed The Captor
   145 | D        | Noticed a meat beast
   146 | D        | Killed a fleshlord
   147 | D        | Reached XP level 26. HP: 145/145 MP: 41/41
   149 | D        | Killed a meat beast
   150 | D        | Reached XP level 27. HP: 89/149 MP: 41/41
   150 | D        | Killed a fleshlord
   150 | D        | Noticed a meat beast
   151 | D        | Killed a fleshlord
   151 | D        | Killed a large bag of meat
   152 | D        | Killed a meat beast
   153 | D        | Killed a fleshlord
   153 | D        | Annihilated by a fleshlord
   154 | D        | Noticed a dread
   154 | D        | HP: 6/149 [observer/fireball (70)]
   154 | D        | Noticed a fleshlord
   155 | D        | Noticed a tyrant
   155 | D        | Noticed an accursed
   156 | D        | Slain by an eight-headed meat hydra
   156 | D        | Noticed a fleshlord
   157 | D        | Noticed a meat beast
   157 | D        | Noticed a tyrant
   157 | D        | Noticed a dread
   157 | D        | Noticed a fleshlord
   157 | D        | Noticed a destroyer
   157 | D        | Noticed a meat beast
   158 | D        | Noticed a fleshlord
   159 | D        | Noticed a large bag of meat
   159 | D        | Noticed a tyrant
   159 | D        | Killed a fleshlord
   159 | D        | Noticed a tyrant
   161 | D        | Killed a meat beast
   162 | D        | Killed a meat beast
   163 | D        | Killed a destroyer
   164 | D        | Killed a meat beast
   165 | D        | Killed from afar by a tyrant

Illustrated notes

Levels and vault maps discovered:
D:        meatsprint

Skill      XL: |  1  2  3  4  5  6  7  8  9 10 11 12 13 14 15 16 |
---------------+-------------------------------------------------+-----
Fighting       | 17 20 26 27 | 27.0
Dodging        | 21 24 27 | 27.0
Unarmed Combat | 17 20 26 27 | 27.0
Stealth        | 17 23 27 | 27.0
Invocations    | 12 24 27 | 27.0
Evocations     | 13 26 27 | 27.0

Action                     |  1- 3 |  4- 6 |  7- 9 | 10-12 | 13-15 | 16-18 | 19-21 | 22-24 | 25-27 || total
---------------------------+-------+-------+-------+-------+-------+-------+-------+-------+-------++-------
  Melee: Unarmed           |     1 |       |       |     1 |     9 |    19 |    14 |    35 |    16 ||    95
         Bite              |       |       |       |       |       |       |       |       |     1 ||     1
 Invoke: Berserk           |       |       |       |       |       |     1 |       |     1 |       ||     2
    Use: Scroll            |       |       |       |       |       |       |     1 |       |       ||     1
         Potion            |       |       |       |       |       |       |       |     3 |       ||     3
 Armour: Skin              |       |       |       |       |       |       |       |     1 |       ||     1
  Dodge: Dodged            |       |       |       |       |     2 |     4 |     4 |    10 |    13 ||    33

Table legend: (Time is in decaauts)
 A = Elapsed time spent in this place.
 B = Non-inter-level travel time spent in this place.
 C = Inter-level travel time spent in this place.
 D = Time resting spent in this place.
 E = Time spent auto-exploring this place.
 F = Levels seen in this place.
 G = Mean time per level.
                   A        B        C        D        E       F      G
               +--------+--------+--------+--------+--------+-----+--------+
         Total |    104 |    104 |      0 |      0 |      0 |   1 |  104.0 |
       Dungeon |    104 |    104 |      0 |      0 |      0 |   1 |  104.0 |
               +--------+--------+--------+--------+--------+-----+--------+

Top non-repeatable levels by time:
       D: 104 daAuts
